General information
- name: BNet
- type: Ladder team game (AT/RT)
- host: Battle.net
- saver: Bromeister
map: SilverpineForest
- players: 6
- length: 03:34
- speed: Fast
- version: 1.26 W3XP
- replay type: Public
» download(18 KB)
Players
team 1 (loser)
givemehandicape (
orange | 57 APM | 199 actions | 03:28)
1 Death Knight
1 Death Coil
» actions
| Assign group hotkey | 18 | |
| Build / train | 12 | |
| ESC pressed | 8 | |
| Enter build submenu | 12 | |
| Enter hero's abilities submenu | 1 | |
| Right click | 62 | |
| Select / deselect | 40 | |
| Select group hotkey | 36 | |
| Use ability | 10 | |
199 total
» units
| Acolyte | 5 | |
| Ghoul | 3 | |
| Crypt Fiend | 1 | |
9 total
» buildings
| Graveyard | 2 | |
| Crypt | 1 | |
| Altar of Darkness | 1 | |
| Ziggurat | 2 | |
| Tomb of Relics | 1 | |
7 total
» build order
00:11 Graveyard
00:13 Crypt
00:23 Altar of Darkness
00:24 Ziggurat
01:12 Tomb of Relics
01:51 Graveyard
02:05 Ziggurat
» items
junaid015 (
yellow | 36 APM | 126 actions | 03:30)
1 Keeper of the Grove
1 Entangling Roots
» actions
| Assign group hotkey | 4 | |
| Build / train | 14 | |
| Enter build submenu | 7 | |
| Enter hero's abilities submenu | 1 | |
| Right click | 23 | |
| Select / deselect | 44 | |
| Select group hotkey | 24 | |
| Use ability | 9 | |
126 total
» units
» buildings
| Altar of Elders | 1 | |
| Moon Well | 3 | |
| Hunter's Hall | 1 | |
| Ancient of War | 2 | |
7 total
» build order
00:05 Altar of Elders
00:18 Moon Well
01:41 Hunter's Hall
01:45 Ancient of War
01:58 Moon Well
02:20 Ancient of War
02:32 Moon Well

»
c1730 (
red | 63 APM | 194 actions | 03:04)
1 Archmage
1 Summon Water Elemental
» actions
| Basic commands | 23 | |
| Build / train | 12 | |
| Enter build submenu | 6 | |
| Enter hero's abilities submenu | 1 | |
| Right click | 98 | |
| Select / deselect | 46 | |
| Use ability | 8 | |
194 total
» units
» buildings
| Altar of Kings | 1 | |
| Farm | 3 | |
| Barracks | 1 | |
| Scout Tower | 1 | |
6 total
» build order
00:07 Altar of Kings
00:20 Farm
00:35 Barracks
01:06 Farm
01:46 Farm
02:03 Scout Tower
team 2 (winner)

»
blackindutch (
purple | 35 APM | 122 actions | 03:31)
» actions
| Assign group hotkey | 4 | |
| Build / train | 9 | |
| Enter build submenu | 7 | |
| Right click | 14 | |
| Select / deselect | 17 | |
| Select group hotkey | 65 | |
| Use ability | 6 | |
122 total
» units
» buildings
| Crypt | 1 | |
| Graveyard | 1 | |
| Ziggurat | 3 | |
| Altar of Darkness | 1 | |
6 total
» build order
00:56 Crypt
01:00 Graveyard
01:13 Ziggurat
01:37 Altar of Darkness
02:01 Ziggurat
03:21 Ziggurat
CrYpT-LoRD-187 (
pink | 61 APM | 213 actions | 03:31)
1 Mountain King
1 Storm Bolt
» actions
| Assign group hotkey | 6 | |
| Build / train | 17 | |
| Enter build submenu | 9 | |
| Enter hero's abilities submenu | 1 | |
| Right click | 98 | |
| Select / deselect | 49 | |
| Select group hotkey | 25 | |
| Use ability | 8 | |
213 total
» units
» buildings
| Altar of Kings | 1 | |
| Barracks | 1 | |
| Farm | 3 | |
| Scout Tower | 1 | |
| Arcane Vault | 1 | |
7 total
» build order
00:13 Altar of Kings
00:20 Barracks
00:25 Farm
01:45 Farm
01:48 Scout Tower
02:19 Arcane Vault
02:25 Farm
Bromeister (
teal | 78 APM | 280 actions | 03:34)
» actions
| Assign group hotkey | 1 | |
| Build / train | 14 | |
| Enter build submenu | 11 | |
| Right click | 170 | |
| Select / deselect | 61 | |
| Select group hotkey | 10 | |
| Use ability | 13 | |
280 total
» units
» buildings
| Lumber Mill | 1 | |
| Scout Tower | 7 | |
| Guard Tower | 5 | |
| Arcane Vault | 1 | |
| Farm | 1 | |
| Altar of Kings | 1 | |
16 total
» build order
00:09 Lumber Mill
00:52 Scout Tower
00:55 Scout Tower
00:58 Scout Tower
01:21 Guard Tower
01:28 Guard Tower
01:41 Guard Tower
01:46 Scout Tower
01:51 Scout Tower
02:03 Arcane Vault
02:17 Farm
02:32 Guard Tower
02:33 Guard Tower
03:11 Altar of Kings
03:17 Scout Tower
03:25 Scout Tower
Chat log
(00:32 / Allies) Bromeister: tower rushing
(00:34 / Allies) Bromeister: im pro
(00:47 / Allies) CrYpT-LoRD-187: brt
(01:12 / Allies) Bromeister: wood me if possible bros
(01:58 / Allies) Bromeister: hopefully he doesnt have am
(02:28 / Allies) Bromeister: he does lol
(02:32 / Allies) blackindutch: be there asap
(02:39 / Allies) CrYpT-LoRD-187: no blizz
(02:43 / Allies) CrYpT-LoRD-187: repair
(02:53 / Allies) Bromeister: his amm
(02:54 / Allies) CrYpT-LoRD-187: lol....
(02:55 / Allies) Bromeister: his am died
(02:59 / Allies) blackindutch: lol
(03:01 / Allies) CrYpT-LoRD-187: noob
(03:03 / Allies) blackindutch: red sucks
(03:04 / Allies) Bromeister: LOL
(03:07 / Allies) Bromeister: gg
(03:21 / All) Bromeister: LAWL